 Dungeon Crawl Stone Soup version 0.21-a0-521-g1cd18d1 (webtiles) character file.

29 Gerstahl the Chopper (level 3, 0/30 HPs)
             Began as a Draconian Gladiator on Dec 5, 2017.
             Succumbed to a scorpion's poison
             ... on level 2 of the Dungeon.
             The game lasted 00:00:50 (861 turns).

Gerstahl the Chopper (Draconian Gladiator)           Turns: 861, Time: 00:00:51

Health: 0/30       AC:  5    Str: 17    XL:     3   Next: 1%
Magic:  3/3        EV: 13    Int:  8    God:
Gold:   56         SH:  0    Dex: 12    Spells: 2/2 levels left

rFire    . . .     SeeInvis .   a - +0 war axe
rCold    . . .     Gourm    .   (no shield)
rNeg     . . .     Faith    .   (armour unavailable)
rPois    .         Spirit   .   b - +0 hat
rElec    .         Reflect  .   (no cloak)
rCorr    .         Harm     .   (no gloves)
MR       .....                  (no boots)
Stlth    +.........             (no amulet)
HPRegen  0.10/turn              (no ring)
MPRegen  0.08/turn              (no ring)

@: lethally poisoned (0 -> -9)
A: unfitting armour, cold-blooded, AC +5
a: no special abilities


You were on level 2 of the Dungeon.
You were not hungry.

You visited 1 branch of the dungeon, and saw 2 of its levels.

You collected 56 gold pieces.

Inventory:

Hand Weapons
 a - a +0 war axe (weapon)
Missiles
 c - 3 throwing nets (quivered)
 f - 79 stones
Armour
 b - a +0 hat (worn)
Scrolls
 e - 4 scrolls of remove curse {unknown}
 g - a scroll of random uselessness {unknown}
 h - a scroll of identify {unknown}
 i - a scroll of enchant armour {unknown}
 j - 2 scrolls of teleportation {unknown}
 k - a scroll of enchant weapon {unknown}
Comestibles
 d - 2 bread rations
 l - a royal jelly


   Skills:
 + Level 2.8 Fighting
 + Level 3.5 Axes
 - Level 1.9 Throwing
 - Level 3.0 Dodging


You had 2 spell levels left.
You didn't know any spells.

Dungeon Overview and Level Annotations

Branches:
Dungeon (2/15)

Altars:


Innate Abilities, Weirdness & Mutations

Your plain brown scales are hard. (AC +5)
You cannot fit into any form of body armour.
You are cold-blooded and may be slowed by cold attacks.


Message History

You closely miss the scorpion. You tail-slap the scorpion.
The scorpion is moderately wounded.
The scorpion stings you!
There are monsters nearby!
You are too injured to fight recklessly!
There are monsters nearby!
You are too injured to fight recklessly!
There are monsters nearby!
You are too injured to fight recklessly!
There are monsters nearby!
You hit the scorpion.
Your tail-slap misses the scorpion.
The scorpion is moderately wounded.
The scorpion stings you!
* * * LOW HITPOINT WARNING * * *
You are lethally poisoned!
The scorpion poisons you! The scorpion barely misses you.
You closely miss the scorpion.
The scorpion is moderately wounded.
You closely miss the frilled lizard.
You die...

#...#.......#
#...............
#...#.......#.##
##.##.......#...
#...............
######.##.#...#.#####
.$.........##.##...
#######....##.# ##
#.l@....# ####s#.....
.# #### .. ... ...[
..... ......


You could see a scorpion and a frilled lizard.

Vanquished Creatures
  3 dart slugs
  2 leopard geckos (D:1)
  A bat (D:1)
  A goblin (D:2)
  4 hobgoblins
  3 frilled lizards
  3 kobolds (D:1)
  5 rats (D:1)
22 creatures vanquished.

Notes
Turn   | Place    | Note
-------+----------+-------------------------------------------
     0 | D:1      | Gerstahl the Draconian Gladiator began the quest for the Orb.
     0 | D:1      | Reached XP level 1. HP: 17/17 MP: 1/1
    69 | D:1      | Reached XP level 2. HP: 15/25 MP: 2/2
   841 | D:2      | Reached XP level 3. HP: 26/30 MP: 3/3
   853 | D:2      | Noticed a scorpion
   861 | D:2      | Succumbed to a scorpion's poison

Vault maps used:
D:1:      shiori_arrival_maze, chequers_big_river, minmay_misc_feat_hallway
D:2:      grunt_decor_mini_mirrors, minmay_curled_crystal, minmay_heptomino_o4

Skill      XL: |  1  2 |
---------------+-------+-----
Dodging        | 3 |  3.0
Fighting       | |  2.8
Axes           | |  3.5
Throwing       | |  1.9

Action                   || total
-------------------------++-------
Melee: War axe           ||    57
       Tailslap          ||     4
Armor: Skin              ||    14
Dodge: Dodged            ||    35

Table legend:
 A = Spawn XP
 B = Non-spawn XP
 C = Spawn XP percentage of total XP
 D = Spawn monster count
 E = Non-spawn monster count
 F = Spawn count percentage of total count
 G = Total turns spent on level
                    A         B        C        D         E        F      G
               +---------+---------+-------+---------+---------+-------+---------
         Total |       0 |      42 |   0.0 |       0 |      22 |   0.0 |   861
               +---------+---------+-------+---------+---------+-------+---------
           D:1 |       0 |      30 |   0.0 |       0 |      16 |   0.0 |   714
           D:2 |       0 |      12 |   0.0 |       0 |       6 |   0.0 |   147
               +---------+---------+-------+---------+---------+-------+---------
